Map: Yellowjacket

Players

venicereturn

  • Race: Protoss Protoss
  • League: Bronze
  • Spawn Location: 3:00

eulerO

  • Race: Terran Terran
  • League: Diamond
  • Spawn Location: 1:00

Ekelpack - Winner!

  • Race: Zerg Zerg
  • Spawn Location: 9:00

Nyck - Winner!

  • Race: Terran Terran
  • Spawn Location: 7:00

VOD

Have the link to the VOD?

Description

Time

  • Played on: March 26, 2025, 1:47 p.m.
  • Length: 16:50
Show
View Real Time Build Order
Export as new Build Order

venicereturn Protoss 

Build Orders:  

Get SALT Encoding   

  12  0:01  Probe  
  13  0:13  Probe  
  14  0:20  Pylon  
  14  0:25  Probe  
  15  0:38  Gateway  
  15  0:42  Assimilator  
  15  0:45  Probe  
  16  0:57  Probe  
  17  1:09  Probe  
  18  1:21  Probe  
  19  1:29  Cybernetics Core  
  19  1:33  Pylon  
  19  1:34  Probe  
  20  1:59  Adept  
  20  2:13  Assimilator  
  21  2:22  Probe  
  22  2:29  Nexus  
  22  2:30  Warp Gate  
  22  2:33  Pylon  
  22  2:37  Probe  
  23  2:45  Adept, Probe  
  26  2:55  Probe  
  27  3:04  Gateway  
  27  3:07  Gateway  
  27  3:11  Robotics Facility  
  27  3:18  Adept  
  29  3:41  Probe  
  30  3:48  Probe  
  30  3:53  Probe  
  32  3:56  Adept x3  
  32  4:01  Probe  
  39  4:05  Shield Battery, Probe  
  40  4:13  Observer, Probe  
  42  4:17  Probe  
  43  4:29  Probe  
  44  4:31  Probe  
  44  4:35  Adept x3  
  51  4:41  Probe  
  51  4:43  Probe  
  53  4:53  Probe  
  53  4:59  Pylon  
  54  5:02  Pylon  
  54  5:07  Pylon  
  54  5:16  Probe  
  53  5:29  Probe  
  53  5:34  Assimilator  
  54  5:35  Assimilator, Zealot  
  54  5:36  Zealot x2  
  54  5:41  Probe  
  61  5:50  Robotics Bay  
  61  6:02  Twilight Council  
  61  6:06  Immortal  
  65  6:17  Gateway  
  65  6:19  Gateway, Probe  
  65  6:25  Stalker x3, Blink  
  68  6:31  Probe  
  69  6:46  Forge  
  69  6:56  Probe  
  69  7:01  Stalker x3  
  74  7:08  Probe  
  77  7:17  Shield Battery  
  77  7:20  Probe  
  78  7:23  Photon Cannon  
  78  7:28  Photon Cannon  
  78  7:33  Photon Cannon  
  78  7:45  Pylon  
  78  7:49  Pylon  
  78  7:56  Pylon  
  78  8:00  Nexus  
  78  8:01  Probe  
  78  8:09  Stalker  
  78  8:10  Stalker x4  
  88  8:48  Nexus  
  88  8:55  Pylon  
  88  9:00  Photon Cannon  
  88  9:01  Charge, Protoss Ground Weapons Level 1  
  88  9:04  Stalker  
  88  9:05  Stalker x4  
  98  9:16  Templar Archives  
  98  9:32  Shield Battery  
  98  9:35  Photon Cannon  
  98  9:37  Stalker x4  
  106  9:45  Psionic Storm  
  106  9:50  Observer  
  107  10:01  Probe  
  107  10:04  Probe  
  109  10:08  High Templar  
  109  10:13  Probe  
  112  10:16  Probe  
  113  10:26  Probe  
  114  10:28  Probe  
  114  10:34  High Templar x3  
  114  10:35  High Templar  
  123  10:38  Probe  
  123  10:40  Probe  
  125  10:55  Forge  
  125  11:02  Pylon  
  125  11:08  Pylon  
  125  11:20  Protoss Ground Weapons Level 2, Probe x2  
  125  11:23  Stalker x3  
  133  11:31  Protoss Ground Armor Level 1, Probe  
  133  11:32  Probe  
  135  11:36  Immortal  
  135  11:39  Probe  
  139  11:44  Assimilator  
  140  11:47  Probe  
  141  11:56  Robotics Facility  
  141  12:21  Pylon  
  141  12:22  Pylon  
  141  12:24  Pylon  
  141  12:26  Pylon  
  141  12:39  Probe, Immortal  
  141  12:41  Robotics Facility  
  146  12:48  Stalker x5  
  146  12:50  Nexus  
  156  12:51  Probe  
  156  12:54  Immortal  
  161  13:03  Probe  
  162  13:05  Pylon  
  162  13:15  Probe  
  162  13:19  High Templar x5  
  173  13:26  Immortal  
  177  13:34  Pylon  
  177  13:36  Pylon  
  177  13:37  Pylon  
  177  13:38  Pylon  
  177  13:39  Protoss Ground Armor Level 2  
  176  13:54  High Templar x3  
  182  13:59  Zealot x2  
  179  14:27  Probe  
  179  14:28  Probe  
  180  14:35  Probe  
  180  14:36  Zealot x5  
  189  14:40  Probe  
  189  14:43  Immortal  
  189  14:45  Probe  
  196  14:52  Probe  
  196  14:57  Probe  
  198  15:01  Zealot  
  72  15:45  Stalker x5  
Show
View Real Time Build Order
Export as new Build Order

eulerO Terran 

Build Orders: Gas First Reaper Expand 

Get SALT Encoding   

  12  0:00  SCV  
  13  0:12  SCV  
  14  0:17  Supply Depot  
  14  0:24  SCV  
  15  0:28  Refinery  
  15  0:41  Barracks  
  15  0:44  SCV  
  16  0:56  SCV  
  17  1:08  SCV  
  18  1:21  SCV  
  19  1:29  Reaper  
  20  1:35  Orbital Command  
  20  1:45  Command Center  
  20  1:57  Factory  
  20  2:02  SCV  
  21  2:09  Barracks Reactor  
  21  2:13  Supply Depot  
  21  2:15  Refinery  
  21  2:19  SCV  
  22  2:31  SCV  
  23  2:43  SCV  
  24  2:47  Marine x2  
  24  2:48  Factory Tech Lab  
  26  2:59  SCV  
  26  3:00  Starport  
  26  3:01  Orbital Command  
  26  3:05  Marine x2, Bunker  
  29  3:17  Siege Tank  
  29  3:19  SCV  
  33  3:25  Marine x2  
  35  3:38  SCV x2  
  37  3:42  Supply Depot  
  37  3:43  Marine x2  
  37  3:45  Starport Reactor  
  39  3:50  SCV  
  40  3:56  SCV  
  40  4:01  Siege Tank, Marine x2  
  46  4:04  SCV  
  46  4:09  Supply Depot, SCV  
  48  4:16  SCV  
  49  4:21  Marine  
  49  4:22  Marine  
  49  4:24  Viking  
  53  4:30  SCV, Liberator  
  57  4:35  Supply Depot, SCV  
  58  4:43  Command Center  
  58  4:55  Marine  
  58  4:56  Marine  
  60  5:09  Barracks  
  60  5:10  SCV  
  60  5:11  Engineering Bay  
  60  5:12  Siege Tank, Engineering Bay, Barracks  
  60  5:13  Marine x2  
  66  5:19  Refinery  
  66  5:21  Refinery  
  66  5:26  Viking  
  68  5:30  Viking  
  70  5:40  Terran Infantry Weapons Level 1  
  70  5:43  Missile Turret  
  70  5:48  Terran Infantry Armor Level 1  
  70  5:55  SCV x2  
  72  6:03  Marine x2  
  74  6:04  Siege Tank  
  74  6:07  Barracks Tech Lab x2  
  74  6:09  SCV x2  
  79  6:11  Supply Depot  
  79  6:15  Supply Depot  
  76  6:21  Orbital Command, SCV  
  76  6:25  Marine x3  
  80  6:46  Missile Turret  
  80  6:50  Missile Turret  
  80  6:51  SCV x3  
  83  6:54  Combat Shield  
  83  6:55  Stimpack  
  83  6:56  Marine x2  
  83  6:57  Marine x2  
  87  7:03  Armory  
  84  7:12  SCV x2  
  85  7:18  Marine x3  
  85  7:19  Marine  
  85  7:20  Siege Tank  
  93  7:22  SCV  
  93  7:25  Medivac  
  93  7:26  Medivac  
  97  7:30  SCV  
  97  7:31  SCV  
  97  7:36  Marine x2  
  101  7:44  Barracks  
  101  7:47  Barracks  
  101  7:49  Factory  
  101  8:04  Missile Turret  
  101  8:18  Supply Depot x3  
  101  8:23  Marine x4, Medivac x2  
  101  8:27  Orbital Command  
  109  8:39  SCV, Thor, Barracks Reactor  
  109  8:40  Marine x2, Missile Turret, Barracks Reactor  
  118  8:41  Marauder  
  118  8:43  Concussive Shells  
  118  8:44  Refinery  
  118  8:46  Marine  
  121  8:52  SCV x2  
  121  8:53  SCV  
  124  8:58  Marine  
  124  8:59  Marauder  
  124  9:00  Supply Depot, Terran Infantry Weapons Level 2  
  124  9:01  Supply Depot  
  127  9:03  Terran Infantry Armor Level 2  
  127  9:08  SCV x3  
  130  9:18  Marine x3, Bunker  
  130  9:22  SCV, Marine x3, Siege Tank  
  140  9:26  Factory Tech Lab  
  140  9:36  Marine  
  141  9:54  Siege Tank  
  141  9:55  Medivac x2  
  141  9:56  Marine  
  149  10:06  Supply Depot, SCV x2, Marine x2, Marauder x2  
  157  10:08  Supply Depot  
  157  10:10  Supply Depot x2  
  157  10:14  Supply Depot  
  157  10:17  Supply Depot x2  
  157  10:27  Marine x2  
  159  10:33  Siege Tank x2  
  165  10:41  Marauder  
  165  10:42  Marine x4, Marauder  
  172  10:44  Medivac x2  
  177  11:10  Siege Tank x2  
  183  11:13  Medivac  
  183  11:23  Terran Infantry Weapons Level 3  
  183  11:31  SCV x2  
  175  11:45  Command Center  
  175  11:47  Terran Infantry Armor Level 3, Barracks x2  
  175  11:48  SCV  
  175  11:49  Barracks  
  176  11:58  Barracks  
  176  11:59  Barracks  
  176  12:02  Barracks  
  176  12:04  Marauder x2  
  180  12:30  Terran Vehicle Weapons Level 1  
  180  12:45  Barracks Tech Lab, Marauder x2  
  180  12:46  Barracks Tech Lab, Barracks Reactor x3  
  184  12:54  Marine x5  
  184  12:55  Marine x2  
  184  12:56  SCV  
  192  13:02  Ghost Academy  
  192  13:06  Marauder x2  
  188  13:29  Barracks Tech Lab  
  188  13:31  SCV  
  189  13:43  Personal Cloaking  
  189  13:55  Command Center  
  171  14:35  Thor  
  171  14:36  Thor, Marine x2  
  171  14:37  Marine x8  
  181  15:06  Medivac x2  
  172  15:22  Marine x2, Marauder x2  
  172  15:23  Marine x7, Marauder x2  
  172  15:24  Marine x2  
  189  15:54  Planetary Fortress  
  189  16:00  Missile Turret  
  189  16:02  Missile Turret x2  
  189  16:04  Missile Turret  
  189  16:19  Marine x3  
  189  16:20  Marine x3  
  189  16:21  Marine x2, Marauder  
  189  16:22  Marine x2, Marauder x3  
Show
View Real Time Build Order
Export as new Build Order

Ekelpack Zerg - Winner!

Build Orders: Hatch First 

Get SALT Encoding   

  12  0:00  Drone  
  13  0:13  Overlord  
  13  0:18  Drone  
  14  0:32  Drone x2  
  16  0:36  Drone  
  17  0:55  Drone  
  18  0:58  Hatchery  
  18  1:01  Drone  
  18  1:07  Extractor  
  17  1:14  Spawning Pool  
  17  1:18  Drone  
  17  1:23  Drone  
  18  1:30  Drone  
  19  1:42  Drone  
  20  2:02  Queen  
  22  2:11  Drone  
  22  2:12  Metabolic Boost  
  22  2:15  Queen  
  25  2:17  Overlord  
  25  2:21  Drone  
  26  2:26  Drone  
  27  2:32  Zergling x2  
  28  2:38  Zergling x2  
  28  2:39  Zergling x2  
  28  2:43  Lair  
  30  2:45  Drone  
  31  2:55  Queen  
  33  2:58  Overlord  
  33  3:01  Drone  
  34  3:06  Drone x2  
  36  3:16  Drone  
  36  3:17  Drone x3  
  40  3:20  Overlord  
  37  3:42  Drone x2  
  37  3:43  Queen  
  41  3:49  Extractor  
  41  3:50  Drone x2  
  41  3:52  Extractor  
  41  3:54  Extractor  
  40  4:00  Spire  
  39  4:04  Drone x3  
  39  4:05  Overlord  
  39  4:08  Drone x3  
  45  4:14  Drone  
  46  4:28  Zergling x2  
  46  4:29  Zergling x12  
  53  4:41  Drone x2  
  53  4:42  Drone, Overlord  
  56  4:52  Overlord  
  56  5:18  Mutalisk x3  
  56  5:19  Overlord, Mutalisk x3  
  56  5:20  Overlord x2  
  66  5:55  Infestation Pit  
  66  5:56  Evolution Chamber  
  64  5:58  Evolution Chamber  
  64  6:01  Overlord x2  
  64  6:02  Zergling x8  
  64  6:03  Zergling x6  
  70  6:12  Mutalisk x3  
  76  6:42  Zerg Melee Weapons Level 1, Zerg Ground Armor Level 1  
  76  6:43  Hive  
  76  6:44  Overlord x3  
  76  7:02  Hatchery  
  73  7:41  Zergling x2  
  73  7:42  Zergling x14  
  73  7:43  Zergling x12  
  73  7:44  Zergling x2  
  88  8:14  Ultralisk Cavern, Overlord x5  
  88  8:16  Adrenal Glands  
  88  8:19  Drone x5  
  92  8:39  Zerg Melee Weapons Level 2, Zerg Ground Armor Level 2  
  90  8:50  Overseer  
  90  8:53  Overseer x3  
  90  8:58  Zergling x4  
  90  8:59  Zergling x12  
  90  9:00  Zergling x4  
  100  9:08  Drone x2  
  102  9:15  Chitinous Plating  
  102  9:16  Ultralisk  
  108  9:28  Drone  
  108  9:29  Drone x7  
  116  9:55  Ultralisk x3  
  134  10:01  Extractor  
  134  10:03  Extractor  
  132  10:27  Ultralisk x3  
  150  10:33  Anabolic Synthesis  
  150  10:39  Zergling x10  
  150  10:40  Zergling x12  
  150  10:41  Zergling x2  
  147  11:13  Zergling x6  
  147  11:14  Zergling x12  
  154  11:43  Zergling x4, Overlord, Ultralisk x3  
  154  11:44  Overlord x3  
  174  11:48  Drone  
  175  12:01  Overlord  
  173  12:29  Drone x3  
  176  12:30  Overlord x2  
  176  13:00  Ultralisk  
  176  13:01  Zergling x6, Ultralisk x2  
  176  13:02  Zergling x4  
  199  13:16  Zerg Melee Weapons Level 3  
  199  13:17  Zerg Ground Armor Level 3  
  195  13:28  Zergling x10  
  194  14:03  Zergling x8  
  194  14:04  Zergling x2  
  198  14:14  Zergling x4  
  197  14:35  Drone  
  197  14:36  Drone, Pneumatized Carapace  
  199  15:06  Zergling x8  
  184  15:33  Ultralisk x3  
  184  15:34  Ultralisk x5  
  198  15:36  Ultralisk  
  192  16:01  Zergling x2  
  192  16:02  Zergling x10  
  196  16:14  Zergling x2  
  196  16:15  Zergling x4  
Show
View Real Time Build Order
Export as new Build Order

Nyck Terran - Winner!

Build Orders: Reaper Expand 

Get SALT Encoding   

  12  0:00  SCV  
  13  0:12  SCV  
  14  0:17  Supply Depot  
  14  0:24  SCV  
  15  0:39  SCV  
  15  0:41  Barracks  
  16  0:51  SCV, Refinery  
  17  1:03  SCV  
  18  1:15  SCV  
  19  1:34  Reaper, Command Center  
  20  1:43  SCV  
  21  1:59  Orbital Command  
  21  2:13  Refinery  
  21  2:16  Factory  
  21  2:21  Barracks Tech Lab  
  21  2:28  SCV  
  21  2:43  Marauder  
  23  2:45  Concussive Shells  
  23  2:52  Supply Depot  
  23  3:06  SCV, Starport  
  23  3:10  Orbital Command  
  24  3:16  Marauder  
  24  3:18  Supply Depot, SCV  
  27  3:27  Factory Reactor  
  27  3:30  SCV  
  28  3:36  SCV  
  29  3:42  Marauder  
  29  3:46  Starport  
  32  3:48  SCV x2  
  33  4:01  Medivac  
  35  4:03  SCV x2  
  37  4:16  SCV x2  
  39  4:28  Command Center  
  39  4:29  SCV x2  
  41  4:35  Supply Depot  
  41  4:38  Starport Reactor  
  41  4:43  SCV x2, Armory  
  43  4:48  Refinery  
  43  4:50  Refinery  
  43  4:51  Marauder  
  45  4:55  Viking  
  45  4:57  Viking  
  49  5:03  SCV x2  
  50  5:28  Viking x2  
  50  5:29  Viking  
  50  5:33  SCV x2  
  58  5:45  SCV x2  
  58  5:46  Marauder  
  62  5:51  Terran Vehicle Weapons Level 1  
  62  6:05  SCV  
  62  6:06  SCV  
  62  6:07  Viking  
  62  6:13  Orbital Command  
  62  6:17  SCV  
  62  6:18  SCV, Viking x2  
  59  6:25  Armory  
  63  6:32  SCV x2  
  65  6:44  SCV  
  65  6:45  SCV  
  67  6:47  SCV  
  67  6:51  Viking  
  70  6:55  Viking  
  70  6:56  SCV  
  70  6:57  SCV  
  70  6:59  SCV  
  75  7:05  Viking  
  77  7:14  Supply Depot, Terran Vehicle And Ship Armor Level 1  
  77  7:24  Supply Depot  
  77  7:27  Refinery  
  77  7:32  Refinery  
  77  7:35  Viking x2  
  77  7:36  SCV x2, Marauder  
  85  7:46  SCV, Viking x2  
  85  7:48  SCV x2  
  92  7:58  SCV, Command Center  
  93  8:02  Terran Ship Weapons Level 1  
  93  8:11  Supply Depot  
  93  8:15  Supply Depot  
  93  8:17  SCV x2, Viking x2  
  99  8:22  SCV  
  99  8:24  Starport  
  99  8:25  Starport  
  100  8:31  Engineering Bay  
  100  8:32  SCV  
  100  8:33  SCV  
  102  8:36  SCV  
  103  8:42  Viking x2  
  103  8:44  SCV  
  103  8:45  SCV  
  103  8:46  Supply Depot  
  109  8:48  SCV  
  109  8:51  Supply Depot  
  109  8:54  Viking  
  112  9:07  Neosteel Armor  
  112  9:10  Engineering Bay  
  112  9:12  SCV x3  
  112  9:14  Planetary Fortress  
  115  9:20  Marauder  
  115  9:21  Viking  
  119  9:25  Viking  
  119  9:27  Terran Vehicle And Ship Armor Level 2  
  121  9:35  SCV x3  
  121  9:38  Viking x2  
  126  9:39  Viking  
  130  9:54  SCV x3  
  130  9:56  Marauder  
  130  9:57  Viking x3  
  141  10:00  Terran Ship Weapons Level 2  
  141  10:08  Viking  
  141  10:09  SCV x3  
  141  10:12  Factory Tech Lab  
  146  10:14  SCV  
  146  10:21  SCV  
  148  10:38  Starport Tech Lab x2  
  148  10:52  Supply Depot  
  148  10:58  Sensor Tower  
  148  11:14  SCV x4  
  148  11:15  Supply Depot  
  152  11:26  SCV x4  
  152  11:28  Hi-Sec Auto Tracking  
  156  11:32  Supply Depot  
  156  11:38  Marauder  
  158  11:51  Refinery  
  158  11:54  Refinery  
  158  11:59  Sensor Tower  
  158  12:03  Terran Infantry Weapons Level 1  
  158  12:05  Terran Vehicle And Ship Armor Level 3  
  158  12:07  Supply Depot  
  158  12:08  Supply Depot  
  158  12:16  Fusion Core  
  158  12:21  SCV x4  
  164  12:23  Marauder  
  164  12:46  Terran Ship Weapons Level 3  
  164  13:03  Battlecruiser x2  
  176  13:42  Marauder  
  176  13:46  Terran Infantry Armor Level 1  
  178  13:53  Supply Depot  
  178  13:54  Weapon Refit  
  178  14:07  Battlecruiser  
  184  14:15  Battlecruiser  
  184  14:16  Supply Depot  
  168  14:39  Supply Depot  
  166  15:12  Battlecruiser  
  170  15:19  Battlecruiser  
  170  15:54  Medivac x4  
Tags
 
Add a new tag
Caveats
  • Supply blocks, unpowered buildings, or Contaminate may cause inaccurate times.
  • Supply counts are checked every 10 seconds.